 Dungeon Crawl Stone Soup version 0.22.0-25-g7663229ff0 (webtiles) character file.

287 LLavrengius the Vandal (level 6, -2/63 HPs)
             Began as a Halfling Arcane Marksman on Aug 21, 2018.
             Was a Follower of Okawaru.
             Slain by a killer bee (5 damage)
             ... on level 4 of the Dungeon.
             The game lasted 00:10:22 (3646 turns).

LLavrengius the Vandal (Halfling Arcane Marksman)   Turns: 3646, Time: 00:10:23

Health: -2/63      AC:  6    Str: 18    XL:     6   Next: 56%
Magic:  7/7        EV: 14    Int:  5    God:    Okawaru [*.....]
Gold:   193        SH:  0    Dex: 15    Spells: 6/7 levels left

rFire    . . .     SeeInvis .   C - +1 dagger (venom)
rCold    . . .     Gourm    .   (shield restricted)
rNeg     + . .     Faith    .   h - +0 ring mail
rPois    .         Spirit   .   (no helmet)
rElec    .         Reflect  .   (no cloak)
rCorr    .         Harm     .   r - +0 pair of gloves
MR       .....                  (no boots)
Stlth    ..........             (no amulet)
HPRegen  0.20/turn              j - ring of positive energy
MPRegen  0.10/turn              k - -6 ring of intelligence (curse)

@: berserking (expiring), lethally poisoned (-2 -> -13), very quick
A: small, mutation resistance 1
a: Heroism, Renounce Religion


You were on level 4 of the Dungeon.
You worshipped Okawaru.
Okawaru was aware of your devotion.
You were not hungry.

You visited 1 branch of the dungeon, and saw 4 of its levels.

You collected 193 gold pieces.

Inventory:

Hand Weapons
 a - a +0 hunting sling
 x - a +1 spear of venom
 C - a +1 dagger of venom (weapon)
Missiles
 d - 11 sling bullets
 m - 53 stones (quivered)
 q - 43 bolts
 D - 20 poisoned needles
Armour
 h - a +0 ring mail (worn)
 r - a +0 pair of gloves (worn)
 y - a +0 buckler
 A - a +0 buckler
Jewellery
 j - a ring of positive energy (left hand)
 k - a cursed -6 ring of intelligence (right hand)
 p - an uncursed ring of poison resistance {unknown}
 s - a +2 ring of protection {unknown}
 t - an uncursed ring of magical power {unknown}
 u - an uncursed ring of see invisible {unknown}
Scrolls
 b - a scroll of fear {unknown}
 c - 8 scrolls of identify {unknown}
 e - a scroll of immolation {unknown}
 i - 4 scrolls of enchant weapon {unknown}
 l - 4 scrolls of teleportation {unknown}
 w - a scroll of random uselessness {unknown}
 z - a scroll of remove curse {unknown}
Potions
 g - 4 potions of curing {unknown}
 n - 2 potions of might {unknown}
 o - a potion of lignification {unknown}
 v - a potion of resistance {unknown}
 B - a potion of heal wounds {unknown}
 E - a potion of haste {unknown}
 F - a potion of berserk rage
Comestibles
 f - 7 rations


   Skills:
 + Level 3.2 Fighting
 + Level 5.9 Slings
 - Level 3.0 Dodging
 + Level 2.9 Shields
 - Level 1.0 Spellcasting
 - Level 2.4 Hexes


You had 6 spell levels left.
You knew the following spells:

 Your Spells              Type           Power        Failure   Level  Hunger
a - Corona                Hex            #......      32%         1    ##.....

Your spell library contained the following spells:

 Spells                   Type           Power        Failure   Level  Hunger
 Slow                     Hex            #.......     45%         2    ###....
 Inner Flame              Hex/Fire       #.......     85%         3    ####...
 Portal Projectile        Hex/Tloc       #.....       85%         3    ####...
 Cause Fear               Hex            #.........   97%         4    #####..
 Leda's Liquefaction      Hex/Erth       #.........   99%         4    #####..


Dungeon Overview and Level Annotations

Branches:
Dungeon (4/15)
 Temple: D:4-7

Altars:
Nemelex Xobeh
Okawaru
Trog
Uskayaw
Vehumet
Xom
Yredelemnul

Shops:
D:4 :


Innate Abilities, Weirdness & Mutations

You are small and have problems with some larger weapons.
You are somewhat resistant to further mutation.


Message History

You puncture the killer bee!
The killer bee is poisoned.
The killer bee is almost dead.
The killer bee stings you.
* * * LOW HITPOINT WARNING * * *
You are more poisoned.
The killer bee poisons you!
You are too berserk!
You closely miss the killer bee.
The killer bee is almost dead.
* * * LOW HITPOINT WARNING * * *
You feel sick.
You kill the killer bee!
Okawaru accepts your kill.
You closely miss the killer bee.
* * * LOW HITPOINT WARNING * * *
You feel sick. The killer bee closely misses you. x2
You miss the killer bee.
* * * LOW HITPOINT WARNING * * *
You feel sick. The killer bee stings you.
You die...

......#.#. #............
#............ #..#.##......
# .... #...... #.###
#####.# #...... ..#....
#.....####......
##.....#####.##....##......
......8((y@........###.....
##..##.#####.##.#..###.....
8.∩.8....##.#..........
#(#y#####.........#.....
#..8 #..........##### # ..
#.>...........# .##
#.............## .
##.#.#.#.#.<....
....#.#.#....##


You could see a killer bee.

Vanquished Creatures
  2 killer bees (D:4)
  An orc wizard (D:2)
  2 worker ants (D:4)
  An adder (D:3)
  4 gnolls (D:3)
  2 oozes (D:1)
  A worm (D:3)
  6 dart slugs
  4 orcs (D:3)
  A ball python (D:3)
  8 bats
  3 giant cockroaches
  5 goblins
  3 hobgoblins
  5 kobolds
  7 frilled lizards
  5 rats
60 creatures vanquished.

Notes
Turn   | Place    | Note
-------+----------+-------------------------------------------
     0 | D:1      | LLavrengius the Halfling Arcane Marksman began the quest for the Orb.
     0 | D:1      | Reached XP level 1. HP: 12/12 MP: 2/2
   235 | D:1      | Reached skill level 1 in Fighting
   268 | D:1      | Reached XP level 2. HP: 16/18 MP: 3/3
   418 | D:1      | Found a sparkling altar of Nemelex Xobeh.
   614 | D:1      | Reached XP level 3. HP: 23/23 MP: 4/4
  1216 | D:2      | Found a hide-covered altar of Uskayaw.
  1218 | D:2      | Found a bloodstained altar of Trog.
  1219 | D:2      | Found a basalt altar of Yredelemnul.
  1219 | D:2      | Found a shimmering altar of Xom.
  1219 | D:2      | Found an iron altar of Okawaru.
  1234 | D:2      | Became a worshipper of Warmaster Okawaru
  1337 | D:2      | Reached skill level 4 in Slings
  1580 | D:2      | Found a radiant altar of Vehumet.
  2222 | D:3      | Reached XP level 4. HP: 29/29 MP: 5/5
  2472 | D:2      | Reached skill level 1 in Shields
  2784 | D:3      | Reached XP level 5. HP: 35/35 MP: 6/6
  2998 | D:3      | Reached skill level 5 in Slings
  3319 | D:4      | Reached XP level 6. HP: 21/41 MP: 7/7
  3616 | D:4      | Found Sizehuz's Book Emporium.
  3637 | D:4      | Reached * piety under Okawaru
  3646 | D:4      | HP: 3/63 [poisoned by a killer bee]
  3646 | D:4      | Slain by a killer bee

Skill      XL: |  1  2  3  4  5  6 |
---------------+-------------------+-----
Fighting       | 1 2 3 |  3.2
Dodging        | 3 |  3.0
Slings         | 4 5 |  5.9
Shields        | 1 2 |  2.9
Spellcasting   | |  1.0
Hexes          | |  2.4

Action                   |  1- 3 |  4- 6 || total
-------------------------+-------+-------++-------
Melee: Dagger            |       |    11 ||    11
 Fire: Hunting sling     |   109 |   151 ||   260
  Use: Potion            |       |     1 ||     1
  Eat: Chunk             |     4 |     4 ||     8
Armor: Robe              |     7 |       ||     7
       Ring mail         |     7 |    12 ||    19
Dodge: Dodged            |    32 |    48 ||    80
